 Dungeon Crawl Stone Soup version 0.28-a0-595-g9f6c0e134a (webtiles) character file.

Game seed: 11577860809512084351

652 AlleluiaPinecone the Sneak (level 7, -6/35 HPs)
             Began as a Vine Stalker Brigand on Oct 4, 2021.
             Engulfed by a steam dragon's steam (11 damage)
             ... on level 5 of the Dungeon.
             The game lasted 00:16:56 (4148 turns).

AlleluiaPinecone the Sneak (Vine Stalker Brigand)   Turns: 4148, Time: 00:16:57

Health: -6/35      AC: 13    Str: 16    XL:     7   Next: 54%
Magic:  0/8        EV: 12    Int: 17    God:
Gold:   149        SH:  0    Dex: 18    Spells: 2/6 levels left

rFire   x . .      SeeInvis +   a - +4 dagger (protect)
rCold   + . .      Faith    .   (no shield)
rNeg    + . .      Spirit   +   j - +0 leather armour
rPois   .          Reflect  .   q - +2 hat
rElec   +          Harm     .   c - +0 cloak
rCorr   +          Rampage  .   (no gloves)
Will    .....                   (no boots)
Stlth   ++++......              p - amulet of regeneration
HPRegen 2.11/turn               n - ring "Etyuz" {rElec rN+ rCorr Str+3 Int+6 SInv}
MPRegen 0.11/turn               r - ring of ice

@: under a protective aura
A: fangs 2, regeneration 1, magic shield, antimagic bite, no potion heal 2
a: no special abilities


You were on level 5 of the Dungeon.
You visited 1 branch of the dungeon, and saw 5 of its levels.

You collected 149 gold pieces.

Inventory:

Hand Weapons
 a - a +4 dagger of protection (weapon)
 b - a +0 hunting sling
Missiles
 d - 19 poisoned darts (quivered)
 e - 2 curare-tipped darts
 h - 69 stones
Armour
 c - a +0 cloak (worn)
 i - a +1 helmet
 j - a +0 leather armour (worn)
 q - a +2 hat (worn)
Jewellery
 m - a ring of wizardry
 n - the ring "Etyuz" (left hand) {rElec rN+ rCorr Str+3 Int+6 SInv}
   (You acquired it on level 4 of the Dungeon)

   [ring of intelligence]

   Str:       It affects your strength (+3).
   Int:       It affects your intelligence (+6).
   rElec:     It insulates you from electricity.
   rN:        It protects you from negative energy.
   SInv:      It lets you see invisible.
   rCorr:     It protects you from acid and corrosion.
 p - an amulet of regeneration (around neck)
 r - a ring of ice (right hand)
Wands
 s - a wand of flame (16)
Scrolls
 k - 2 scrolls of noise
 l - 2 scrolls of identify
 u - a scroll of teleportation {unknown}
Potions
 f - a potion of flight
 g - a potion of lignification
 o - a potion of haste
 t - a potion of curing


   Skills:
 + Level 2.8 Fighting
 + Level 3.8 Short Blades
 * Level 2.4(2.8) Slings
 + Level 1.9(2.5) Throwing
 + Level 1.7 Armour
 + Level 2.2 Dodging
 + Level 7.4 Stealth
 + Level 0.1 Spellcasting


You had 2 spell levels left.
You knew the following spells:

 Your Spells              Type           Power      Damage    Failure   Level
a - Summon Guardian Gole  Hex/Summ       0%         N/A       65%         3
b - Summon Small Mammal   Summ           0%         N/A       28%         1

Your spell library contained the following spells:

 Spells                   Type           Power      Damage    Failure   Level
 Call Canine Familiar     Summ           0%         N/A       65%         3


Dungeon Overview and Level Annotations

Branches:
Dungeon (5/15)
 Temple: D:4-7

Altars:
Xom
The Shining One

Shops:
D:4 =


Innate Abilities, Weirdness & Mutations

You have extremely sharp teeth.
Your natural rate of healing is unusually fast.
When hurt, damage is shared between your health and your magic reserves.
Your bite disrupts and absorbs the magic of your enemies.
Potions cannot restore your health.


Message History

Ouch! That really hurt!
The bullfrog skeleton misses you.
You are too injured to fight recklessly!
You are too injured to fight recklessly!
You are too injured to fight recklessly!
You are too injured to fight recklessly!
You are too injured to fight recklessly!
You are too injured to fight recklessly!
You are too injured to fight recklessly!
You closely miss the steam dragon.
The steam dragon is moderately wounded.
You are engulfed in a cloud of scalding steam.
The steam dragon bites you but does no damage.
The steam dragon claws you but does no damage.
The bullfrog skeleton is engulfed in a cloud of scalding steam.
The bullfrog skeleton hits you.
* * * LOW HITPOINT WARNING * * *
You hit the steam dragon. You bite the steam dragon. You drain its power.
You feel invigorated.
The steam dragon is severely wounded.
You are engulfed in a cloud of scalding steam.
* * * LOW HITPOINT WARNING * * *
The bullfrog skeleton is engulfed in a cloud of scalding steam.
The bullfrog skeleton hits you.
* * * LOW HITPOINT WARNING * * *
The steam dragon bites you but does no damage.
The steam dragon barely misses you.
You barely miss the steam dragon.
The steam dragon is severely wounded.
You are engulfed in a cloud of scalding steam.
The bullfrog skeleton is engulfed in a cloud of scalding steam.
The bullfrog skeleton barely misses you.
The steam dragon bites you.
* * * LOW HITPOINT WARNING * * *
The steam dragon misses you.
You hit the steam dragon.
You bite the steam dragon, but do no damage.
The steam dragon is severely wounded.
You are engulfed in a cloud of scalding steam.
You die...

.....#...# ...##
##......## ###....#....
##.......# #.#... ....
#......#.####..# ....#
#..............####....#
#...............#......#
##........####..........
.........## #...D......
.........# ##.@#....
.......... #.Z# .##
.......... ...## #
........#. ......
.......##...##).#
.......##.. ...#
.......... ...##
......[## ....
........#.


You could see a steam dragon and a bullfrog skeleton.

Vanquished Creatures
  An ice beast (D:3)
  A black bear (D:5)
  3 crimson imps (D:3)
  A jelly (D:5)
  2 hounds
  Ijyb (D:5)
  2 iguanas
  Robin (D:2)
  A howler monkey skeleton (D:4)
  4 adders
  4 gnolls (D:3)
  3 dart slugs
  3 worms
  5 bats
  9 endoplasms
  3 giant cockroaches
  16 goblins
  13 hobgoblins
  6 jackals
  3 quokkas
  6 ball pythons
  7 frilled lizards
  5 kobolds
  A rat (D:2)
101 creatures vanquished.

Notes
Turn   | Place    | Note
-------+----------+-------------------------------------------
     0 | D:1      | AlleluiaPinecone the Vine Stalker Brigand began the quest
                  | for the Orb.
     0 | D:1      | Reached XP level 1. HP: 11/11 MP: 2/2
    58 | D:1      | Reached skill level 1 in Dodging
    93 | D:1      | Reached skill level 5 in Stealth
   107 | D:1      | Reached XP level 2. HP: 15/15 MP: 3/3
   623 | D:1      | Reached XP level 3. HP: 11/18 MP: 2/4
  1167 | D:2      | Noticed Robin
  1205 | D:2      | Reached skill level 6 in Stealth
  1220 | D:2      | Killed Robin
  1221 | D:2      | Gained mutation: Your natural rate of healing is unusually
                  | fast. [Vine Stalker growth]
  1221 | D:2      | Reached XP level 4. HP: 8/23 MP: 3/5
  2071 | D:3      | Reached XP level 5. HP: 24/26 MP: 4/6
  2105 | D:3      | Noticed an ice beast
  2127 | D:3      | Killed an ice beast
  2128 | D:3      | Reached skill level 1 in Slings
  2128 | D:3      | Reached XP level 6. HP: 30/30 MP: 7/7
  2249 | D:3      | Found a shimmering altar of Xom.
  2265 | D:3      | Reached skill level 1 in Armour
  2934 | D:4      | Reached skill level 7 in Stealth
  2979 | D:4      | Found Kutsuec's Jewellery Shoppe.
  2994 | D:4      | Identified a scroll of acquirement
  2994 | D:4      | Acquired the ring "Etyuz" {rElec rN+ rCorr Str+3 Int+6
                  | SInv}
  3355 | D:4      | Learned a level 3 spell: Summon Guardian Golem
  3357 | D:4      | Learned a level 1 spell: Summon Small Mammal
  3481 | D:4      | Found a glowing golden altar of the Shining One.
  3522 | D:4      | Reached XP level 7. HP: 35/35 MP: 8/8
  4000 | D:5      | Entered Level 5 of the Dungeon
  4015 | D:5      | Noticed Ijyb
  4042 | D:5      | Killed Ijyb
  4137 | D:5      | Noticed a steam dragon
  4148 | D:5      | Engulfed by a steam dragon's steam

Illustrated notes

Levels and vault maps discovered:
D:1:      kennysheep_arrival_seaside, layout_basic
D:2:      layout_basic, uniq_robin
D:3:      layout_loops_ring, led_xom_imps, serial_glass, glass_columns_b,
          glass_columns_b
D:4:      layout_gridville, mainiacjoe_overflow_small_starburst, serial_shops,
          nicolae_inconvenience_store, hangedman_decor_opposing
D:5:      layout_cave_pools, serial_shops, shop, uniq_ijyb, uniq_edmund

Skill      XL: |  1  2  3  4  5  6 |
---------------+-------------------+-----
Dodging        | 1 2 |  2.2
Stealth        | 5 6 7 |  7.4
Short Blades   | 2 3 |  3.8
Fighting       | 2 |  2.8
Slings         | 1 2 |  2.4
Armour         | 1 |  1.7
Throwing       | |  1.9
Spellcasting   | |  0.1

Action                   |  1- 3 |  4- 6 |  7- 9 || total
-------------------------+-------+-------+-------++-------
Melee: Dagger            |   105 |   148 |    60 ||   313
       Bite              |    28 |    44 |    25 ||    97
 Fire: Hunting sling     |       |    10 |     4 ||    14
 Cast: Summon Small Mamm |       |     2 |       ||     2
  Use: Scroll            |     1 |     4 |       ||     5
       Potion            |     1 |     3 |       ||     4
 Stab: Sleeping          |     7 |    20 |       ||    27
Armor: Robe              |    23 |       |       ||    23
       Leather armour    |    23 |    44 |    34 ||   101
Dodge: Dodged            |    77 |    61 |    55 ||   193

Table legend: (Time is in decaauts)
 A = Elapsed time spent in this place.
 B = Non-inter-level travel time spent in this place.
 C = Inter-level travel time spent in this place.
 D = Time resting spent in this place.
 E = Time spent auto-exploring this place.
 F = Levels seen in this place.
 G = Mean time per level.
                   A        B        C        D        E       F      G
               +--------+--------+--------+--------+--------+-----+--------+
         Total |   4091 |   3967 |    124 |    319 |   2688 |   5 |  818.2 |
       Dungeon |   4091 |   3967 |    124 |    319 |   2688 |   5 |  818.2 |
               +--------+--------+--------+--------+--------+-----+--------+

Top non-repeatable levels by time:
     D:4: 1167 daAuts
     D:1: 1072 daAuts
     D:2: 912 daAuts
     D:3: 802 daAuts
     D:5: 137 daAuts
